AoeStats
← stepych

Migration

505961410Analyzed
1v1 RM · 21d ago on Sep 11, 2026· 49m 1s· 2 players
Game mode
Random Map
Map size
132×132
Population
200
Speed
Normal
Resources
Standard
Victory
Conquest
Starting age
Dark Age
Ending age
Imperial Age
RankedLock teamsTeams togetherTeam positionsShared explorationLock speedFull tech treeHidden civsTurbo modeCheats
Victory
Defeat
🇩🇪 Vikings · Germany
1026
+15
🇷🇺 Armenians · Russia
1002
-39
stepych
13:27 Feudal Age
13:57 Double-Bit Axe
13:55 Horse Collar
14:33 Gold Mining
15:15 Town Watch
15:18 Loom
19:35 Wheelbarrow
19:08 Fletching
19:20 Padded Archer Armor
29:11 Castle Age
31:00 Bodkin Arrow
31:35 Medium Warships
32:13 Bow Saw
32:41 Gold Shaft Mining
32:59 Leather Archer Armor
33:04 Forging
32:55 Scale Mail Armor
32:47 Fishing Lines
36:53 Town Patrol
40:18 Stone Mining
42:18 Squires
42:06 Arson
41:44 Man-at-Arms
48:45 Imperial Age
46:08 Gambesons
46:51 Ballistics
48:22 Heated Shot
TA388959
2:46 Loom
10:48 Feudal Age
11:18 Double-Bit Axe
11:21 Fishing Lines
20:57 Castle Age
19:54 Stone Mining
19:54 Gold Mining
20:36 Fletching
20:48 Padded Archer Armor
22:08 Bodkin Arrow
28:20 Ballistics
32:22 Horse Collar
32:40 Gillnets
33:14 Heavy Plow
33:54 Bow Saw
34:47 Careening
34:48 Clinker Construction
38:59 Imperial Age
36:45 Forging
36:51 Leather Archer Armor
40:05 Gold Shaft Mining
40:52 Elite Longship
42:36 Chemistry
41:42 Siege Engineers
42:01 Carvel Hull
42:37 Bogsveigar
43:48 Dry Dock
43:32 Bracer
44:03 Ring Archer Armor
44:08 Iron Casting
46:12 Arrowslits
46:17 Guard Tower
46:34 Siphons
46:21 Heated Shot
46:11 Treadmill Crane
46:42 Masonry
46:03 Crossbowman
46:09 Elite Berserk
48:02 Two-Man Saw
48:10 Blast Furnace
47:10 Murder Holes
47:51 Crop Rotation
Connection lost

Rejoining the realm…

Still unreachable

The connection could not be restored.

Session expired

The server has moved on; the page needs a fresh start.